 Dungeon Crawl Stone Soup version 0.30.1 (webtiles) character file.

Game seed: 8943383630479786220

914 Arctor the Changer (level 8, -12/52 HPs)
             Began as an Octopode Transmuter on July 12, 2023.
             Was an Initiate of Cheibriados.
             Mangled by an ogre
             ... wielding a +0 giant spiked club
              (18 damage)
             ... on level 5 of the Dungeon.
             The game lasted 00:06:18 (5319 turns).

Arctor the Changer (Octopode Transmuter)            Turns: 5319, Time: 00:06:19

Health: -12/52     AC:  3    Str:  9 (10) XL:     8   Next: 9%
Magic:  9/13       EV: 13    Int: 20 (22) God:    Cheibriados [......]
Gold:   261        SH:  0    Dex: 10 (12) Spells: 6/14 levels left

rFire   + .          .
                       - Unarmed
rCold   . . .        (no shield)
rNeg    . . .        (helmet currently unavailable)
rPois   .            (no amulet)
rElec   .            d - ring of protection from fire
rCorr   .            (no ring)
SInv    .            (no ring)
Will    .....        (no ring)
Stlth   ++           (no ring)
HPRegen 0.28/turn    (no ring)
MPRegen 0.13/turn    (no ring)
                     (no ring)

%: clarity
@: appendages, very slightly contaminated, slow
A: tentacle spike 3, almost no armour, amphibious, 8 rings, camouflage 1,
gelatinous body 1, (nimble swimmer 1), tentacles, iridescent scales 1, clarity,
clever 1
a: End Transformation, Renounce Religion


You were on level 5 of the Dungeon.
You worshipped Cheibriados.
Cheibriados was noncommittal.
One of your tentacles had grown a beastly spike.
You visited 2 branches of the dungeon, and saw 5 of its levels.
You also visited: Sewer.

You collected 261 gold pieces.

Inventory:

Jewellery
 d - a ring of protection from fire (left tentacle)
Scrolls
 c - a scroll of enchant weapon
 e - 4 scrolls of teleportation
Potions
 a - 2 potions of experience {unknown}
 b - a potion of curing {unknown}
 f - a potion of magic
 g - a potion of cancellation
 h - a potion of degeneration
 k - 3 potions of haste


   Skills:
 + Level 3.5 Fighting
 + Level 3.8 Dodging
 + Level 4.5 Unarmed Combat
 + Level 3.6 Spellcasting
 * Level 5.0 Transmutations
 + Level 2.6 Ice Magic


You had 6 spell levels left.
You knew the following spells:

 Your Spells              Type           Power      Damage    Failure   Level
a - Beastly Appendage     Tmut           48%        N/A       1%          1
b - Ice Form              Ice/Tmut       19%        N/A       26%         4
c - Frozen Ramparts       Ice            28%        1d5       13%         3

Your spell library contained the following spells:

 Spells                   Type           Power      Damage    Failure   Level
 Wereblood                Tmut           24%        N/A       2%          2
 Spider Form              Tmut/Pois      13%        N/A       14%         3
 Summon Ice Beast         Ice/Summ       9%         N/A       58%         4


Dungeon Overview and Level Annotations

Branches:
Dungeon (5/15)             Temple (1/1) D:5           Sewer (visited)

Altars:
Ashenzari
Cheibriados
Dithmenos
Elyvilon
Fedhas
Gozag
Hepliaklqana
Kikubaaqudgha
Makhleb
Nemelex Xobeh
Okawaru
Qazlal
Ru
Sif Muna
Trog
Uskayaw
Vehumet
Wu Jian
Xom
Yredelemnul
Zin
The Shining One

Shops:
D:2 *   D:5 *


Innate Abilities, Weirdness & Mutations

One of your tentacles has grown a beastly spike.
You cannot wear most types of armour.
You are amphibious.
You can wear up to eight rings at the same time.
Your skin changes colour to match your surroundings (Stealth+).
Your rubbery body absorbs attacks. (AC +1, EV +1)
((You are camouflaged when in or above water. (Stealth+)))
You have tentacles for arms and can constrict up to eight enemies at once.
You are partially covered in iridescent scales. (AC +2)
You possess an exceptional clarity of mind.
Your mind is acute. (Int +4, Str/Dex -1)


Message History

You see here a river rat corpse.
You tentacle-slap the quokka but do no damage.
You grab the quokka.
You pierce the quokka.
You kill the quokka!
Cheibriados thoroughly appreciates the change of pace.
You tentacle-slap the ogre but do no damage.
The ogre closely misses you.
A rat comes into view.
You tentacle-slap the ogre but do no damage.
The ogre closely misses you.
You barely miss the ogre.
Your tentacle spike misses the ogre.
A rat comes into view.
You tentacle-slap the ogre but do no damage.
You pierce the ogre, but do no damage.
The ogre barely misses you.
You tentacle-slap the ogre.
The ogre is lightly wounded.
You tentacle-slap the ogre. Your squeeze misses the ogre.
The ogre is moderately wounded.
The ogre barely misses you.
You tentacle-slap the ogre.
The ogre is moderately wounded.
The ogre hits you with a +0 giant spiked club!!
You tentacle-slap the ogre but do no damage.
You pierce the ogre.
The ogre is moderately wounded.
You tentacle-slap the ogre but do no damage.
Your tentacle spike misses the ogre.
You squeeze the ogre!
The ogre is severely wounded.
The ogre hits you with a +0 giant spiked club!!
* * * LOW HITPOINT WARNING * * *
You are too injured to fight recklessly!
Unknown command.
Casting: Beastly Appendage (safe; 1% risk of failure)
Confirm with . or Enter, or press ? or * to list all spells.
The spell is quite dangerous to miscast (26% risk of failure)!
Continue anyway?
You miscast Ice Form.
You are very lightly contaminated with residual magic.
You feel very strange.
The ogre hits you with a +0 giant spiked club!!
You die...

....##.#..# ***,*,,,,,,*
#.####.#..# ***,,,*,,,,,,* ###
####.## **,,*****,,,,,*
#.###.##.# *,*** ***,,,,,*
#.#.#.8#.# ### **,##**,,*,,,,*
.........###.## ##r,*,***,,,,*
............#.###r##.##..*,,**
#.#.#.8#.###.#.##Or....#*****
#.#_#.#..# ##.#.@###...#*
########## ######*,,,#.#
..######## *,,***,** ***
.........# *,** **,* *,*
.#######.# **,** *,** *,* .#
####.# *,,****,* **,*
.####....# **,*,,,****,**
...##.#### **,***,**,**
.#..#.# **,,**,,,**


You could see an ogre and 3 rats.

Vanquished Creatures
  An ice beast (D:5)
  A water moccasin (Sewer)
  An ogre (D:5)
  A black bear (D:3)
  A phantom (D:5)
  A bullfrog (D:5)
  A hound (D:5)
  2 iguanas (D:5)
  3 orc priests
  Jessica (D:3)
  An orc wizard (D:3)
  6 adders
  3 river rats (D:5)
  A shadow imp (D:5)
  3 dart slugs
  8 orcs
  6 bats
  7 endoplasms
  4 giant cockroaches
  4 goblins (D:1)
  3 hobgoblins
  4 jackals
  6 kobolds
  11 quokkas
  5 ball pythons
  4 frilled lizards
  12 rats
101 creatures vanquished.

Notes
Turn   | Place    | Note
-------+----------+-------------------------------------------
     0 | D:1      | Arctor the Octopode Transmuter began the quest for the Orb.
     0 | D:1      | Reached XP level 1. HP: 13/13 MP: 3/3
   129 | D:1      | Reached XP level 2. HP: 18/18 MP: 5/5
   456 | D:1      | Reached XP level 3. HP: 15/23 MP: 3/6
   886 | D:1      | Found a faded altar of an unknown god.
  1196 | D:2      | Found Guve's Assorted Antiques.
  1351 | D:2      | Reached XP level 4. HP: 29/29 MP: 5/7
  1388 | D:2      | Learned a level 4 spell: Ice Form
  2136 | D:3      | Noticed a black bear
  2143 | D:3      | Killed a black bear
  2144 | D:3      | Reached skill level 3 in Transmutations
  2144 | D:3      | Reached skill level 1 in Ice Magic
  2144 | D:3      | Reached XP level 5. HP: 14/34 MP: 6/9
  2384 | D:2      | Learned a level 3 spell: Frozen Ramparts
  2524 | D:3      | Reached XP level 6. HP: 26/41 MP: 10/10
  2784 | D:3      | Found a shadowy altar of Dithmenos.
  3263 | D:3      | Noticed Jessica
  3270 | D:3      | Killed Jessica
  3283 | D:3      | You fall into a shaft and drop 2 floors!
  3283 | D:5      | Entered Level 5 of the Dungeon
  3315 | D:5      | Found a glowing drain.
  3332 | Sewer    | Entered a sewer
  3390 | Sewer    | Noticed a water moccasin
  3401 | Sewer    | Killed a water moccasin
  3402 | Sewer    | Reached skill level 4 in Transmutations
  3402 | Sewer    | Reached XP level 7. HP: 18/45 MP: 11/11
  3856 | D:5      | Found a sparkling altar of Nemelex Xobeh.
  3862 | D:5      | Found a broken altar of Ashenzari.
  3871 | D:5      | Found a radiant altar of Vehumet.
  3920 | D:5      | HP: 1/46 [phantom (3)]
  3921 | D:5      | Gained mutation: You are partially covered in iridescent
                  | scales. (AC +2) [potion of mutation]
  3921 | D:5      | Gained mutation: You possess an exceptional clarity of
                  | mind. [potion of mutation]
  3921 | D:5      | Gained mutation: Your mind is acute. (Int +4, Str/Dex -1)
                  | [potion of mutation]
  4438 | D:5      | Found a staircase to the Ecumenical Temple.
  4742 | Temple   | Entered the Ecumenical Temple
  4902 | Temple   | Became a worshipper of Cheibriados the Contemplative
  5061 | D:5      | Found an opulent altar of Gozag.
  5063 | D:5      | Found Gozag's Platinum Reserve.
  5119 | D:5      | Identified the +0 robe "Gaistriss" {rN+ rCorr Int+5 Stlth-}
  5204 | D:5      | Reached skill level 5 in Transmutations
  5204 | D:5      | Reached XP level 8. HP: 41/52 MP: 13/13
  5319 | D:5      | Mangled by an ogre

Illustrated notes

Levels and vault maps discovered:
D:1:      elethiomel_arrival_diamonds, layout_loops_ring,
          ebering_ecumenical_altar_sacrificial, corexii_corridor_pit
D:2:      layout_basic, serial_shops, shop
D:3:      layout_loops_corners, mainiacjoe_overflow_tiny_flanked, uniq_jessica,
          uniq_crazy_yiuf_cottage
D:5:      lemuel_ratsnest, layout_loops_ring, nicolae_gozag_zags_fifth_avenue,
          minitemple, minmay_temple_entry_antechambers,
          cheibrodos_sewer_entry_drain
Temple:   minmay_crystal_spiral_temple

Skill      XL: |  1  2  3  4  5  6  7 |
---------------+----------------------+-----
Fighting       | 2 3 |  3.5
Transmutations | 3 4 5 |  5.0
Ice Magic      | 1 2 |  2.6
Dodging        | 3 |  3.8
Spellcasting   | 3 |  3.6
Unarmed Combat | 4 |  4.5

Action                     |  1- 3 |  4- 6 |  7- 9 || total
---------------------------+-------+-------+-------++-------
  Melee: Unarmed           |    75 |    82 |   100 ||   257
         Kick              |    22 |    22 |    36 ||    80
         Constrict         |    18 |    20 |    15 ||    53
         Tentacles         |    12 |    15 |    23 ||    50
         Punch             |     4 |     3 |     2 ||     9
   Cast: Beastly Appendage |    34 |    27 |    18 ||    79
    Use: Scroll            |       |     5 |     5 ||    10
         Potion            |       |     2 |     5 ||     7
   Stab: Sleeping          |     5 |     3 |     2 ||    10
 Armour: Skin              |     9 |     9 |     9 ||    27
  Dodge: Dodged            |    50 |    55 |    53 ||   158
